cohdb
Replays
Latest Replays
All Replays
Popular Replays
Top Player Replays
Match Explorer
How It Works
Community
CoH3 Stats
Reddit
Sign in to upload your games and track your stats! →
Sign in with Steam
Match 41223570
Unlisted
Match 41223570
Overview
Messages
Build Orders
End
Royal Engineer Section
Construct Section Command Post
Infantry Section
Selects Canadian Shock Battlegroup
Infantry Section
Infantry Section
Construct Field Infirmary
Selects Attacking Spirit
Selects Canadian Shock Section
Grenade Package
Selects Incendiary Munitions
ML 3-inch Mortar Team
Construct Platoon Command Post
Unlock M3 Stuart Light Tanks
M3 Stuart Light Tank
Selects Pyrotechnics
M3 Stuart Light Tank
Infantry Training
Construct Company Command Post
Foot Guards Section
Selects Churchill Crocodile Heavy Tank
MADAO
theinstrument
0
0
Comments
sign in to comment!
No comments posted yet!